 Dungeon Crawl Stone Soup version 0.29-a0-649-g45c230d69a (webtiles) character file.

Game seed: 15210955838562610463

3349 Bnni the Spear-Bearer (level 9, -1/75 HPs)
             Began as a Demonspawn Fighter on June 20, 2022.
             Slain by an orc warrior
             ... wielding a +0 trident
              (11 damage)
             ... on level 7 of the Dungeon on June 21, 2022.
             The game lasted 00:19:25 (5683 turns).

Bnni the Spear-Bearer (Demonspawn Fighter)          Turns: 5683, Time: 00:19:25

Health: -1/75      AC: 14    Str: 22    XL:     9   Next: 72%
Magic:  9/9        EV:  9    Int:  9    God:
Gold:   376        SH:  4    Dex: 12    Spells: 6/8 levels left

rFire   . . .      SeeInvis .   w - +0 short sword (venom)
rCold   + . .      Faith    .   c - +0 buckler
rNeg    . . .      Spirit   .   o - +0 plate armour
rPois   .          Reflect  .   d - +1 helmet
rElec   .          Harm     .   (no cloak)
rCorr   .          Rampage  .   g - +0 pair of gloves
Will    .....                   (no boots)
Stlth   ..........              p - amulet of regeneration
HPRegen 1.02/turn               q - ring of protection from cold
MPRegen 0.11/turn               (no ring)

@: repel missiles
A: hooves 2, repulsion field 3
a: no special abilities


You were on level 7 of the Dungeon.
You visited 1 branch of the dungeon, and saw 7 of its levels.
You also visited: Sewer.

You collected 376 gold pieces.

Inventory:

Hand Weapons
 a - a +0 trident
 w - a +0 short sword of venom (weapon)
 D - a +2 whip of electrocution
Missiles
 e - 28 poisoned darts (quivered)
 C - 13 throwing nets
Armour
 c - a +0 buckler (worn)
 d - a +1 helmet (worn)
 g - a +0 pair of gloves (worn)
 o - a +0 plate armour (worn)
Jewellery
 p - an amulet of regeneration (around neck)
 q - a ring of protection from cold (left hand)
 I - a ring of protection from cold
Wands
 b - a wand of flame (21)
 k - a wand of iceblast (17)
Scrolls
 i - 2 scrolls of fear {unknown}
 j - 4 scrolls of teleportation {unknown}
 l - 4 scrolls of enchant armour {unknown}
 n - 3 scrolls of vulnerability {unknown}
 t - a scroll of brand weapon {unknown}
 u - a scroll of summoning {unknown}
 v - 2 scrolls of fog {unknown}
 x - 3 scrolls of poison {unknown}
 y - a scroll of enchant weapon {unknown}
 B - a scroll of blinking {unknown}
 H - a scroll of noise {unknown}
Potions
 f - a potion of cancellation
 h - a potion of magic
 m - 4 potions of flight
 s - 2 potions of mutation
 z - a potion of lignification {unknown}
 A - a potion of heal wounds {unknown}
 E - a potion of might
 F - a potion of haste
 G - a potion of invisibility {unknown}


   Skills:
 + Level 8.5 Fighting
 * Level 10.6 Polearms
 - Level 2.6 Armour
 - Level 2.6 Shields


You had 6 spell levels left.
You knew the following spells:

 Your Spells              Type           Power      Damage    Failure   Level
b - Blink                 Tloc           0%         N/A       100%        2

Your spell library contained the following spells:

 Spells                   Type           Power      Damage    Failure   Level
 Magic Dart               Conj           0%         1d3       100%        1
 Sting                    Tmut/Pois      0%         1d3       100%        1
 Summon Small Mammal      Summ           0%         N/A       100%        1
 Poisonous Vapours        Pois/Air       0%         N/A       100%        2
 Searing Ray              Conj           0%         2d4       100%        2
 Sublimation of Blood     Necr           0%         N/A       100%        2
 Wereblood                Tmut           0%         N/A       100%        2
 Call Canine Familiar     Summ           0%         N/A       100%        3
 Summon Guardian Golem    Hex/Summ       0%         N/A       100%        3
 Fulminant Prism          Conj/Hex       0%         3d6       100%        4
 Olgreb's Toxic Radiance  Pois           0%         N/A       100%        4
 Manifold Assault         Tloc           0%         N/A       100%        5
 Storm Form               Tmut/Air       0%         N/A       100%        7
 Summon Hydra             Summ           0%         N/A       100%        7


Dungeon Overview and Level Annotations

Branches:
Dungeon (7/15)              Sewer (visited)
 Temple: D:4-7

Altars:
Elyvilon
Gozag
Sif Muna
Uskayaw
The Shining One

Shops:
D:4 (   D:6 :


Innate Abilities, Weirdness & Mutations

You have hoof-like feet.
You are surrounded by a strong repulsion field. (EV +4, RMsl)


Message History

You closely miss the orc warrior.
You kick the orc warrior, but do no damage.
The orc warrior is moderately wounded.
The orc warrior hits you with a +0 trident!
* * * LOW HITPOINT WARNING * * *
You feel better.
You kill the orc warrior!
The orc warrior hits you with a +0 trident.
* * * LOW HITPOINT WARNING * * *
You hit the orc warrior but do no damage.
The orc warrior looks as sick as possible!
The orc warrior is moderately wounded.
The orc warrior hits you but does no damage.
You hit the orc warrior but do no damage.
The orc warrior looks as sick as possible!
You kick the orc warrior, but do no damage.
The orc warrior is moderately wounded.
The orc warrior closely misses you.
You hit the orc warrior but do no damage.
The orc warrior is moderately wounded.
The orc warrior hits you with a +0 trident!
* * * LOW HITPOINT WARNING * * *
You block the orc warrior's attack.
You closely miss the orc warrior. Your kick misses the orc warrior.
The orc warrior is heavily wounded.
The orc warrior closely misses you.
You hit the orc warrior but do no damage.
You kick the orc warrior, but do no damage.
The orc warrior is severely wounded.
The orc warrior hits you with a +0 trident.
* * * LOW HITPOINT WARNING * * *
You hit the orc warrior but do no damage.
Your kick misses the orc warrior.
The orc warrior is severely wounded.
The orc warrior hits you with a +0 trident!
* * * LOW HITPOINT WARNING * * *
You feel better. The white imp puffs mist at you.
The orc warrior hits you with a +0 trident!
You die...

..#.. .#.. #.#. # # .#..
#...) .#. .... ######
#.#..##.##..#
..[..########.#...#.#...#
####..........##.......#
##########.# #.....#
#.#####.######
#...@o5F.......
###########.... ##


You could see an orc warrior (very poisoned), a bullfrog and a white imp.

Vanquished Creatures
  2 water moccasins
  3 orc warriors
  2 ice beasts
  3 sky beasts (D:6)
  A wolf (D:5)
  An ogre (D:4)
  2 centaurs (D:6)
  2 kobold brigands (D:6)
  A phantom (D:6)
  A necrophage (D:7)
  3 bullfrogs (D:6)
  2 gnoll sergeants (D:5)
  A scorpion (D:5)
  3 wights (D:7)
  6 hounds
  A jelly (D:4)
  An orc priest (D:6)
  5 iguanas
  4 gnoll shamans (D:5)
  5 orc wizards
  Natasha (thrice) (D:4)
  A hell rat (Sewer)
  Robin (D:4)
  25 gnolls
  10 adders
  2 river rats
  3 worms
  5 dart slugs
  33 orcs
  10 ball pythons
  7 endoplasms
  8 giant cockroaches
  12 goblins
  10 hobgoblins
  10 jackals
  4 quokkas
  8 bats
  4 frilled lizards
  23 kobolds
  10 rats
238 creatures vanquished.

Notes
Turn   | Place    | Note
-------+----------+-------------------------------------------
     0 | D:1      | Bnni the Demonspawn Fighter began the quest for the Orb.
     0 | D:1      | Reached XP level 1. HP: 18/18 MP: 1/1
    87 | D:1      | Reached skill level 2 in Polearms
   116 | D:1      | Gained mutation: You have large cloven feet. [demonic
                  | ancestry]
   116 | D:1      | Reached XP level 2. HP: 24/24 MP: 2/2
   895 | D:2      | Gained mutation: You are surrounded by a mild repulsion
                  | field. (EV +2) [demonic ancestry]
   895 | D:2      | Reached XP level 3. HP: 24/29 MP: 3/3
   967 | D:2      | Reached skill level 3 in Polearms
   999 | D:2      | Found a faded altar of an unknown god.
  1357 | D:2      | Found a hide-covered altar of Uskayaw.
  1530 | D:2      | Reached XP level 4. HP: 10/37 MP: 4/4
  1634 | D:3      | Reached skill level 4 in Polearms
  1656 | D:3      | Gained mutation: You have hoof-like feet. [demonic
                  | ancestry]
  1656 | D:3      | Reached XP level 5. HP: 41/42 MP: 5/5
  1661 | D:3      | Found a glowing drain.
  1672 | Sewer    | Entered a sewer
  1851 | D:3      | Found an opulent altar of Gozag.
  2225 | D:3      | Found a hide-covered altar of Uskayaw.
  2746 | D:4      | Gained mutation: You are surrounded by a moderate repulsion
                  | field. (EV +3) [demonic ancestry]
  2746 | D:4      | Reached XP level 6. HP: 46/49 MP: 6/6
  2794 | D:4      | Noticed Natasha
  2807 | D:4      | Killed Natasha
  2808 | D:4      | Reached skill level 5 in Polearms
  2823 | D:4      | Learned a level 2 spell: Blink
  2976 | D:4      | Noticed Natasha
  2983 | D:4      | Killed Natasha
  3023 | D:4      | Noticed a water moccasin
  3029 | D:4      | Killed a water moccasin
  3031 | D:4      | Noticed an orc warrior
  3039 | D:4      | HP: 1/50 [orc warrior/+0 dire flail (12)]
  3044 | D:4      | Reached skill level 5 in Fighting
  3070 | D:4      | Killed an orc warrior
  3071 | D:4      | Gained mutation: You are surrounded by a strong repulsion
                  | field. (EV +4, RMsl) [demonic ancestry]
  3071 | D:4      | Reached XP level 7. HP: 25/56 MP: 7/7
  3265 | D:4      | Noticed Robin
  3268 | D:4      | Reached skill level 6 in Polearms
  3295 | D:4      | Killed Robin
  3354 | D:4      | Noticed Natasha
  3360 | D:4      | Killed Natasha
  3523 | D:4      | Found Vooprukh's Antique Weapon Emporium.
  3573 | D:5      | Entered Level 5 of the Dungeon
  3736 | D:5      | Reached skill level 7 in Polearms
  3755 | D:5      | Reached XP level 8. HP: 27/60 MP: 8/8
  4014 | D:5      | Gained mutation: Your magical capacity is low. (-10% MP)
                  | [potion of mutation]
  4014 | D:5      | Gained mutation: You have a pair of small horns on your
                  | head. [potion of mutation]
  4028 | D:5      | Reached skill level 8 in Polearms
  4175 | D:5      | Found a shimmering blue altar of Sif Muna.
  4290 | D:5      | Lost mutation: You have a pair of small horns on your head.
                  | [potion of mutation]
  4290 | D:5      | Lost mutation: Your magical capacity is low. (-10% MP)
                  | [potion of mutation]
  4290 | D:5      | Gained mutation: You possess an exceptional clarity of
                  | mind. [potion of mutation]
  4290 | D:5      | Lost mutation: You possess an exceptional clarity of mind.
                  | [potion of mutation]
  4608 | D:6      | Reached skill level 9 in Polearms
  4638 | D:6      | Reached XP level 9. HP: 52/72 MP: 9/9
  4992 | D:6      | Reached skill level 10 in Polearms
  5439 | D:6      | Found Ylyxo's Book Boutique.
  5444 | D:6      | Upgraded the game from 0.29-a0-648-g6b26cc9f40 to
                  | 0.29-a0-649-g45c230d69a
  5682 | D:7      | HP: 2/75 [orc warrior/+0 trident (9)]
  5683 | D:7      | Slain by an orc warrior

Illustrated notes

Levels and vault maps discovered:
D:1:      nagdon_arrival_double_spiral, layout_loops_cross, minmay_pentomino_q4
D:2:      layout_loops_cross, ebering_ecumenical_altar_sacrificial, basic_altar
D:3:      layout_loops_ring, mainiacjoe_overflow_cross_hatched,
          nicolae_overflow_hidden_temple, gup_sewer_entry_bubbles,
          serial_park_tiny_1, minmay_joined_circles
D:4:      layout_gridville, serial_shops, shop, uniq_robin, uniq_natasha
D:5:      layout_cave_pools, nicolae_overflow_crystal_walls,
          mainiacjoe_overflow_surrounded_room, serial_gnoll_camp,
          gnoll_camp_mini_loothouse, gnoll_camp_huts_moat, gnoll_camp_mini_hut,
          gnoll_camp_mini_hut, gnoll_camp_mini_doghouse
D:6:      layout_basic, serial_shops, nicolae_stop_n_shop_2,
          kennysheep_generic_room_11
D:7:      layout_loops_ring, minmay_temple_entry_poolview, enter_ossuary_3,
          minmay_the_grid_2x2 [minmay_the_grid_pillar_ring,
          minmay_the_grid_plusring, minmay_the_grid_empty,
          minmay_the_grid_prize_inner_circle]

Skill      XL: |  1  2  3  4  5  6  7  8  9 |
---------------+----------------------------+-----
Polearms       | 2 3 4 5 7 9 10 | 10.6
Fighting       | 4 5 6 7 8 |  8.5
Armour         | |  2.6
Shields        | |  2.6

Action                   |  1- 3 |  4- 6 |  7- 9 || total
-------------------------+-------+-------+-------++-------
Melee: Trident           |   146 |   159 |    37 ||   342
       Kick              |    25 |    55 |   159 ||   239
       Short sword       |       |    87 |   290 ||   377
       Whip              |       |       |   156 ||   156
       Headbutt          |       |       |     5 ||     5
Throw: Dart              |       |     3 |       ||     3
  Use: Scroll            |       |     3 |     2 ||     5
       Potion            |       |     4 |     7 ||    11
Armor: Scale mail        |    55 |    23 |       ||    78
       Plate armour      |       |    77 |   380 ||   457
Dodge: Dodged            |    51 |    77 |   249 ||   377
       Repelled          |       |       |     2 ||     2
Block: Buckler           |    19 |    38 |   157 ||   214

Table legend: (Time is in decaauts)
 A = Elapsed time spent in this place.
 B = Non-inter-level travel time spent in this place.
 C = Inter-level travel time spent in this place.
 D = Time resting spent in this place.
 E = Time spent auto-exploring this place.
 F = Levels seen in this place.
 G = Mean time per level.
                   A        B        C        D        E       F      G
               +--------+--------+--------+--------+--------+-----+--------+
         Total |   5870 |   5718 |    152 |     82 |   3690 |   8 |  733.8 |
       Dungeon |   5757 |   5605 |    152 |     82 |   3617 |   7 |  822.4 |
         Sewer |    112 |    112 |      0 |      0 |     72 |   1 |  112.0 |
               +--------+--------+--------+--------+--------+-----+--------+

Top non-repeatable levels by time:
     D:3: 1060 daAuts
     D:6: 1000 daAuts
     D:5: 982 daAuts
     D:4: 934 daAuts
     D:1: 889 daAuts
     D:2: 740 daAuts
     D:7: 150 daAuts
   Sewer: 112 daAuts
